 Dungeon Crawl Stone Soup version 0.21.0-25-ge575cb9 (webtiles) character file.

153 microfolk the Cudgeler (level 5, -3/33 HPs)
             Began as a Gargoyle Berserker on Jan 22, 2018.
             Was a Believer of Trog.
             Slain by a gnoll
             ... wielding a +0 halberd
              (8 damage)
             ... on level 3 of the Dungeon.
             The game lasted 00:04:50 (1723 turns).

microfolk the Cudgeler (Gargoyle Berserker)         Turns: 1723, Time: 00:04:51

Health: -3/33      AC: 13    Str: 22    XL:     5   Next: 35%
Magic:  5/5        EV: 10    Int:  7    God:    Trog [**....]
Gold:   144        SH:  0    Dex:  9    Spells: 4/4 levels left

rFire    . . .     SeeInvis .   a - +0 mace
rCold    . . .     Gourm    .   (no shield)
rNeg     + . .     Faith    .   g - +0 scale mail
rPois    ∞         Spirit   .   (no helmet)
rElec    +         Reflect  .   (no cloak)
rCorr    .         Harm     .   n - +1 pair of gloves
MR       .....                  (no boots)
Stlth    ..........             (no amulet)
HPRegen  0.11/turn              (no ring)
MPRegen  0.09/turn              (no ring)

@: berserk cooldown, slowed, very slow
A: negative energy resistance 1, electricity resistance, unbreathing,
petrification resistance, rot immunity, AC +4
a: Berserk, Trog's Hand, Burn Spellbooks, Renounce Religion


You were on level 3 of the Dungeon.
You worshipped Trog.
Trog was pleased with you.
You were hungry.

You visited 1 branch of the dungeon, and saw 3 of its levels.

You collected 144 gold pieces.

Inventory:

Hand Weapons
 a - a +0 mace (weapon)
 b - a +0 hunting sling
Missiles
 j - 41 stones (quivered)
 r - 29 sling bullets
Armour
 g - a +0 scale mail (worn)
 n - a +1 pair of gloves (worn)
Scrolls
 d - a scroll of remove curse
 i - 2 scrolls of noise {unknown}
 o - a scroll of enchant weapon {unknown}
 q - a scroll of teleportation {unknown}
Potions
 e - 2 potions of curing
 h - a potion of brilliance {unknown}
 k - 2 potions of flight
 l - 2 potions of degeneration {unknown}
 s - 2 potions of berserk rage {unknown}
Comestibles
 c - 5 rations
 f - 10 chunks of flesh


   Skills:
 + Level 4.2 Fighting
 * Level 4.7 Maces & Flails
 + Level 3.4 Armour
 - Level 1.5 Dodging


You had 4 spell levels left.
You didn't know any spells.

Dungeon Overview and Level Annotations

Branches:
Dungeon (3/15)

Altars:


Innate Abilities, Weirdness & Mutations

You are resistant to torment.
Your stone body is resilient. (AC +4)
You are immune to poison.
You resist negative energy. (rN+)
You are resistant to electric shocks. (rElec)
You can survive without breathing.
You are immune to petrification.
You are immune to rotting.


Message History

The gnoll hits you but does no damage.
The goblin shoots a stone.
The stone hits you but does no damage.
You sock the gnoll!
You kill the gnoll!
Trog accepts your kill. The gnoll closely misses you.
The goblin shoots a stone.
The stone hits you but does no damage. The gnoll hits you but does no damage.
The goblin shoots a stone.
The stone closely misses you. The gnoll hits you with a halberd.
* * * LOW HITPOINT WARNING * * *
Things that are here:
a club; 2 stones You closely miss the gnoll.
The gnoll hits you with a halberd.
* * * LOW HITPOINT WARNING * * *
The goblin shoots a stone.
The stone closely misses you. The gnoll misses you.
You hit the gnoll.
The gnoll is heavily wounded.
The goblin shoots a stone.
The stone hits you but does no damage. The gnoll hits you with a halberd!
You die...

......#...>.# ............####
#### ##### ................
... ....
#######...g..######....##..#
..............÷....###.....###
............)#####..##.......#
.......#####..### #.##.#..#
......)# ##..(###..)...#
.......########.@g)†##.(.#
###.##.....# #####....(....#
#.######.# ###.#..(#.#
#..)...#.# #.##.(....
#......#.# #.# .##....
#......#.# .. .. ....
#......#.# .# .#g ..
#......#.###... #...(........#


You could see a gnoll and a goblin.

Vanquished Creatures
  An orc priest (D:3)
  3 gnolls (D:3)
  3 adders (D:2)
  An ooze (D:1)
  A worm (D:2)
  3 dart slugs (D:1)
  2 leopard geckos
  2 orcs (D:3)
  4 giant cockroaches
  4 goblins (D:1)
  2 hobgoblins
  9 jackals
  6 bats
  3 frilled lizards
  5 kobolds
  3 rats
52 creatures vanquished.

Notes
Turn   | Place    | Note
-------+----------+-------------------------------------------
     0 | D:1      | microfolk the Gargoyle Berserker began the quest for the Orb.
     0 | D:1      | Reached XP level 1. HP: 14/14 MP: 1/1
   199 | D:1      | Reached XP level 2. HP: 15/19 MP: 2/2
   419 | D:1      | Reached XP level 3. HP: 21/23 MP: 3/3
   724 | D:2      | Reached ** piety under Trog
   998 | D:2      | Reached XP level 4. HP: 20/29 MP: 4/4
  1204 | D:2      | Found a faded altar of an unknown god.
  1584 | D:3      | Reached XP level 5. HP: 23/33 MP: 5/5
  1723 | D:3      | Slain by a gnoll

Skill      XL: |  1  2  3  4 |
---------------+-------------+-----
Maces & Flails | 4 |  4.7
Armour         | 3 |  3.4
Fighting       | 4 |  4.2
Dodging        | |  1.5

Action                   |  1- 3 |  4- 6 || total
-------------------------+-------+-------++-------
Melee: Mace              |   134 |    83 ||   217
 Fire: Hunting sling     |       |     9 ||     9
Throw: Stone             |     6 |       ||     6
Invok: Berserk           |       |     1 ||     1
  Use: Scroll            |       |     3 ||     3
 Stab: Sleeping          |     1 |       ||     1
  Eat: Chunk             |       |     3 ||     3
Armor: Scale mail        |    73 |    51 ||   124
       Animal skin       |     1 |       ||     1
Dodge: Dodged            |    76 |    73 ||   149
